[ AOE2 MATCH · #484477111 ]
UnrankedCumans vs Italians
[ REPLAY ANALYSIS · EXTRACTED FROM THE RECORDED GAME ]
Feudal
—
Castle
—
Imperial
—
| APM avg | 41.7 |
| APM peak | 114 |
| eAPM avg | 22.0 |
| Villagers / military | 173 / 249 |
Focus
⚔️ 30.7% · 🌾 69.3%
Camel Scout ×210 · Scout Cavalry ×13 · Steppe Lancer ×13 · Spearman ×9 · Trebuchet (Packed) ×4
Feudal
9:26
Castle
27:25
Imperial
42:02
| APM avg | 44.4 |
| APM peak | 79 |
| eAPM avg | 19.9 |
| Villagers / military | 69 / 24 |
Focus
⚔️ 38.8% · 🌾 61.2%
Unknown (1911) ×62 · Scout Cavalry ×24
Feudal
12:41
Castle
26:28
Imperial
—
| APM avg | 28.7 |
| APM peak | 89 |
| eAPM avg | 14.3 |
| Villagers / military | 53 / 50 |
Focus
⚔️ 33.4% · 🌾 66.6%
Skirmisher ×40 · Scout Cavalry ×8 · Genoese Crossbowman ×2
Feudal
10:12
Castle
25:51
Imperial
43:45
| APM avg | 72.3 |
| APM peak | 120 |
| eAPM avg | 31.0 |
| Villagers / military | 93 / 120 |
Focus
⚔️ 31.6% · 🌾 68.4%
Archer ×104 · Spearman ×8 · Battering Ram ×4 · Mangonel ×2 · Skirmisher ×2
Feudal
10:41
Castle
16:33
Imperial
—
| APM avg | 39.4 |
| APM peak | 80 |
| eAPM avg | 23.7 |
| Villagers / military | 92 / 185 |
Focus
⚔️ 49.7% · 🌾 50.3%
Spearman ×121 · Knight ×57 · Monk ×5 · Flemish Militia ×2
Feudal
11:39
Castle
27:36
Imperial
—
| APM avg | 56.7 |
| APM peak | 105 |
| eAPM avg | 17.7 |
| Villagers / military | 75 / 242 |
Focus
⚔️ 33.0% · 🌾 67.0%
Archer ×226 · Spearman ×6 · Mangonel ×5 · Skirmisher ×5
Feudal
10:30
Castle
30:01
Imperial
—
| APM avg | 39.9 |
| APM peak | 71 |
| eAPM avg | 16.0 |
| Villagers / military | 53 / 143 |
Focus
⚔️ 45.9% · 🌾 54.1%
Archer ×143
Feudal
10:55
Castle
31:24
Imperial
—
| APM avg | 33.5 |
| APM peak | 104 |
| eAPM avg | 22.9 |
| Villagers / military | 79 / 125 |
Focus
⚔️ 72.9% · 🌾 27.1%
Camel Scout ×54 · Spearman ×25 · Scout Cavalry ×25 · Knight ×21
Match map
Initial resources + every placement click. Lines = walls · curves = elevation contours. ◆ gold · ⬟ stone · ● berries · ✦ relic · ◌ wall gap
Your base· Open — 3t gap
[PVS] Guts's base· Open — 2t gap
Angelo's base· Open — 4t gap
Monkey Bollocks's base· Open — 2t gap
我有低保我先上's base· Open — unwalled flank
impossible's base· Open — 3t gap
Gengis_Kush's base· Open — 3t gap
Evil Mechanic's base· Open — unwalled flank
Smoothed initial terrain · ◌ = detected wall gap · hover for details
Inputs per minute
— VIP IVORY - - [PVS] Guts
Build order — VIP IVORY
First 150 of 554 actions detected
| 0:01 | Create | Villager (Male) |
| 0:01 | Create | Villager (Male) |
| 0:01 | Create | Villager (Male) |
| 0:01 | Create | Villager (Male) |
| 0:02 | Create | Villager (Male) |
| 0:03 | Build | House |
| 0:04 | Build | House |
| 1:23 | Create | Villager (Male) |
| 1:24 | Create | Villager (Male) |
| 1:46 | Create | Villager (Male) |
| 1:47 | Create | Villager (Male) |
| 2:32 | Create | Villager (Male) |
| 2:32 | Create | Villager (Male) |
| 3:06 | Create | Villager (Male) |
| 3:06 | Create | Villager (Male) |
| 3:18 | Build | Lumber Camp |
| 3:49 | Create | Villager (Male) |
| 3:49 | Create | Villager (Male) |
| 4:03 | Build | House |
| 4:05 | Build | House |
| 4:25 | Create | Villager (Male) |
| 4:44 | Create | Villager (Male) |
| 5:28 | Create | Villager (Male) |
| 5:44 | Build | Mill |
| 5:49 | Create | Villager (Male) |
| 6:17 | Create | Villager (Male) |
| 6:30 | Create | Villager (Male) |
| 7:11 | Create | Villager (Male) |
| 7:23 | Research | Feudal Age |
| 7:24 | Research | Feudal Age |
| 7:55 | Create | Villager (Male) |
| 8:04 | Build | Farm |
| 8:58 | Build | Barracks |
| 9:27 | Research | Loom |
| 9:48 | Build | Town Center |
| 10:15 | Create | Villager (Male) |
| 10:16 | Create | Villager (Male) |
| 10:34 | Build | House |
| 10:38 | Build | House |
| 10:47 | Build | Farm |
| 10:58 | Build | Stable |
| 11:02 | Create | Villager (Male) |
| 11:02 | Create | Villager (Male) |
| 11:04 | Build | Farm |
| 11:32 | Build | Farm |
| 11:35 | Create | Villager (Male) |
| 11:42 | Research | Double-Bit Axe |
| 11:43 | Create | Villager (Male) |
| 11:44 | Create | Villager (Male) |
| 11:45 | Create | Villager (Male) |
| 12:04 | Build | Farm |
| 12:05 | Create | Scout Cavalry |
| 12:11 | Build | Farm |
| 12:19 | Build | Farm |
| 12:25 | Build | Farm |
| 12:28 | Create | Villager (Male) |
| 12:29 | Create | Villager (Male) |
| 12:34 | Create | Villager (Male) |
| 12:36 | Create | Villager (Male) |
| 12:40 | Build | Farm |
| 12:46 | Build | Farm |
| 12:50 | Build | Farm |
| 12:53 | Create | Villager (Male) |
| 13:07 | Build | Farm |
| 13:09 | Create | Villager (Male) |
| 13:15 | Build | Farm |
| 13:31 | Build | House |
| 13:33 | Build | House |
| 13:37 | Create | Villager (Male) |
| 13:37 | Create | Villager (Male) |
| 13:42 | Build | Farm |
| 13:44 | Build | Farm |
| 13:48 | Build | Farm |
| 14:03 | Create | Villager (Male) |
| 14:03 | Create | Villager (Male) |
| 14:09 | Build | Farm |
| 14:13 | Build | Farm |
| 14:18 | Build | Farm |
| 14:20 | Create | Villager (Male) |
| 14:20 | Create | Villager (Male) |
| 14:31 | Create | Scout Cavalry |
| 14:32 | Create | Scout Cavalry |
| 14:39 | Build | Farm |
| 14:42 | Build | Farm |
| 14:44 | Create | Villager (Male) |
| 14:44 | Create | Villager (Male) |
| 14:51 | Research | Horse Collar |
| 14:52 | Research | Horse Collar |
| 15:03 | Create | Villager (Male) |
| 15:03 | Create | Villager (Male) |
| 15:11 | Create | Villager (Male) |
| 15:12 | Create | Villager (Male) |
| 15:16 | Build | Farm |
| 15:22 | Build | Farm |
| 15:26 | Build | House |
| 15:28 | Build | House |
| 15:29 | Build | House |
| 15:32 | Build | House |
| 15:34 | Create | Villager (Male) |
| 15:35 | Create | Villager (Male) |
| 15:37 | Create | Scout Cavalry |
| 15:53 | Create | Scout Cavalry |
| 15:59 | Create | Villager (Male) |
| 15:59 | Create | Villager (Male) |
| 16:03 | Create | Villager (Male) |
| 16:03 | Create | Villager (Male) |
| 16:09 | Build | Blacksmith |
| 16:12 | Create | Villager (Male) |
| 16:17 | Build | Farm |
| 16:24 | Build | Farm |
| 16:28 | Create | Villager (Male) |
| 16:29 | Create | Villager (Male) |
| 16:44 | Create | Villager (Male) |
| 16:47 | Build | Farm |
| 16:55 | Build | Farm |
| 16:59 | Build | Farm |
| 17:01 | Create | Villager (Male) |
| 17:02 | Create | Villager (Male) |
| 17:02 | Create | Scout Cavalry |
| 17:03 | Create | Scout Cavalry |
| 17:28 | Research | Bloodlines |
| 17:33 | Create | Villager (Male) |
| 17:34 | Create | Villager (Male) |
| 17:37 | Build | Farm |
| 17:47 | Build | Palisade Wall |
| 17:57 | Create | Villager (Male) |
| 17:58 | Create | Villager (Male) |
| 18:00 | Create | Scout Cavalry |
| 18:07 | Create | Scout Cavalry |
| 18:28 | Research | Scale Barding Armor |
| 18:31 | Create | Villager (Male) |
| 18:32 | Create | Villager (Male) |
| 18:36 | Build | Farm |
| 18:51 | Create | Spearman |
| 18:51 | Create | Spearman |
| 18:53 | Create | Spearman |
| 19:12 | Create | Villager (Male) |
| 19:13 | Create | Villager (Male) |
| 19:13 | Create | Villager (Male) |
| 19:41 | Create | Villager (Male) |
| 19:41 | Create | Villager (Male) |
| 19:47 | Build | Market |
| 19:51 | Build | House |
| 19:53 | Build | House |
| 19:54 | Build | House |
| 20:09 | Create | Spearman |
| 20:10 | Create | Spearman |
| 20:11 | Create | Spearman |
| 20:21 | Create | Spearman |
| 20:29 | Create | Villager (Male) |
Build order — [PVS] Guts
First 150 of 261 actions detected
| 0:02 | Create | Villager (Male) |
| 0:03 | Create | Villager (Male) |
| 0:04 | Build | House |
| 0:05 | Build | House |
| 0:05 | Create | Villager (Male) |
| 0:05 | Create | Villager (Male) |
| 1:26 | Create | Villager (Male) |
| 1:27 | Create | Villager (Male) |
| 1:37 | Create | Villager (Male) |
| 1:37 | Create | Villager (Male) |
| 1:46 | Build | Lumber Camp |
| 2:13 | Create | Villager (Male) |
| 2:33 | Create | Villager (Male) |
| 3:08 | Build | House |
| 3:12 | Create | Villager (Male) |
| 3:38 | Create | Villager (Male) |
| 3:55 | Create | Villager (Male) |
| 4:16 | Build | Mill |
| 4:22 | Create | Villager (Male) |
| 4:56 | Build | House |
| 5:36 | Create | Villager (Male) |
| 6:00 | Build | Barracks |
| 6:31 | Research | Loom |
| 6:51 | Build | Palisade Wall |
| 7:16 | Research | Feudal Age |
| 9:18 | Create | Villager (Male) |
| 9:18 | Create | Villager (Male) |
| 9:26 | Age | Feudal Age |
| 9:27 | Research | Double-Bit Axe |
| 9:29 | Build | Stable |
| 9:33 | Build | Stable |
| 10:02 | Create | Scout Cavalry |
| 10:05 | Create | Scout Cavalry |
| 10:06 | Create | Villager (Male) |
| 10:07 | Create | Villager (Male) |
| 10:36 | Create | Scout Cavalry |
| 10:36 | Create | Scout Cavalry |
| 10:39 | Build | Mining Camp |
| 10:54 | Create | Scout Cavalry |
| 11:10 | Create | Scout Cavalry |
| 11:16 | Build | Farm |
| 11:17 | Create | Villager (Male) |
| 11:17 | Create | Villager (Male) |
| 11:26 | Build | House |
| 11:27 | Build | House |
| 11:45 | Create | Villager (Male) |
| 11:46 | Build | Farm |
| 12:13 | Create | Villager (Male) |
| 12:16 | Create | Villager (Male) |
| 12:22 | Build | Blacksmith |
| 12:33 | Build | Farm |
| 12:57 | Create | Villager (Male) |
| 12:58 | Build | Farm |
| 13:20 | Build | Farm |
| 13:22 | Create | Villager (Male) |
| 14:14 | Build | Farm |
| 14:15 | Create | Villager (Male) |
| 14:48 | Build | Farm |
| 14:49 | Create | Scout Cavalry |
| 14:50 | Create | Scout Cavalry |
| 14:57 | Create | Villager (Male) |
| 15:03 | Create | Villager (Male) |
| 15:07 | Build | House |
| 15:09 | Build | Palisade Wall |
| 15:10 | Build | Palisade Wall |
| 15:17 | Create | Villager (Male) |
| 15:25 | Build | Farm |
| 15:45 | Create | Scout Cavalry |
| 15:46 | Create | Scout Cavalry |
| 15:52 | Build | Farm |
| 15:54 | Create | Scout Cavalry |
| 16:19 | Create | Villager (Male) |
| 16:20 | Build | Farm |
| 16:35 | Research | Bloodlines |
| 16:49 | Build | Farm |
| 16:51 | Create | Villager (Male) |
| 16:54 | Build | House |
| 16:55 | Build | Palisade Wall |
| 17:12 | Research | Scale Barding Armor |
| 17:21 | Build | Farm |
| 17:24 | Create | Villager (Male) |
| 17:59 | Create | Scout Cavalry |
| 17:59 | Create | Scout Cavalry |
| 18:15 | Create | Villager (Male) |
| 18:15 | Create | Villager (Male) |
| 18:30 | Create | Villager (Male) |
| 18:51 | Create | Scout Cavalry |
| 18:55 | Create | Scout Cavalry |
| 19:07 | Build | Farm |
| 19:09 | Build | Farm |
| 19:13 | Create | Scout Cavalry |
| 19:16 | Build | Farm |
| 19:17 | Build | Farm |
| 19:21 | Build | Farm |
| 19:34 | Create | Scout Cavalry |
| 19:44 | Build | Lumber Camp |
| 19:52 | Build | Market |
| 19:55 | Build | House |
| 19:56 | Build | House |
| 20:03 | Create | Scout Cavalry |
| 21:11 | Create | Scout Cavalry |
| 21:11 | Create | Scout Cavalry |
| 21:12 | Create | Scout Cavalry |
| 21:12 | Create | Scout Cavalry |
| 21:16 | Create | Villager (Male) |
| 21:28 | Build | House |
| 21:29 | Build | House |
| 21:30 | Build | House |
| 21:35 | Create | Villager (Male) |
| 21:58 | Create | Scout Cavalry |
| 21:59 | Create | Scout Cavalry |
| 22:14 | Build | Farm |
| 22:15 | Create | Villager (Male) |
| 22:28 | Build | House |
| 22:30 | Build | House |
| 22:30 | Build | House |
| 22:43 | Build | Farm |
| 22:47 | Build | House |
| 22:49 | Research | Horse Collar |
| 22:52 | Build | Palisade Wall |
| 24:45 | Research | Castle Age |
| 24:46 | Build | Farm |
| 24:46 | Build | Farm |
| 24:52 | Build | House |
| 24:54 | Build | House |
| 24:54 | Build | House |
| 25:12 | Build | Farm |
| 25:24 | Build | Archery Range |
| 25:27 | Build | Archery Range |
| 26:09 | Build | Archery Range |
| 26:11 | Build | Archery Range |
| 26:23 | Create | Villager (Male) |
| 26:23 | Create | Villager (Male) |
| 26:24 | Create | Villager (Male) |
| 26:54 | Build | Mining Camp |
| 27:08 | Build | House |
| 27:25 | Age | Castle Age |
| 27:28 | Create | Unit 1911 |
| 27:28 | Create | Unit 1911 |
| 27:29 | Create | Unit 1911 |
| 27:29 | Create | Unit 1911 |
| 27:34 | Create | Villager (Male) |
| 27:37 | Research | Gold Mining |
| 27:49 | Create | Unit 1911 |
| 28:11 | Build | House |
| 28:19 | Create | Villager (Male) |
| 28:28 | Create | Unit 1911 |
| 28:29 | Create | Unit 1911 |
| 28:35 | Create | Villager (Male) |
| 28:55 | Create | Unit 1911 |
Build order — Angelo
First 150 of 157 actions detected
| 0:01 | Create | Villager (Male) |
| 0:01 | Create | Villager (Male) |
| 0:02 | Create | Villager (Male) |
| 0:02 | Create | Villager (Male) |
| 0:02 | Create | Villager (Male) |
| 0:10 | Build | House |
| 0:26 | Research | Loom |
| 0:26 | Create | Villager (Male) |
| 0:26 | Create | Villager (Male) |
| 0:27 | Create | Villager (Male) |
| 0:27 | Create | Villager (Male) |
| 0:43 | Build | House |
| 1:26 | Build | Palisade Wall |
| 1:47 | Build | House |
| 2:11 | Create | Villager (Male) |
| 2:11 | Create | Villager (Male) |
| 2:22 | Build | Palisade Wall |
| 2:40 | Create | Villager (Male) |
| 3:06 | Create | Villager (Male) |
| 3:06 | Create | Villager (Male) |
| 3:12 | Build | Mill |
| 3:30 | Create | Villager (Male) |
| 3:30 | Create | Villager (Male) |
| 3:58 | Create | Villager (Male) |
| 3:58 | Create | Villager (Male) |
| 4:27 | Build | Palisade Gate |
| 4:41 | Create | Villager (Male) |
| 4:42 | Create | Villager (Male) |
| 5:03 | Create | Villager (Male) |
| 5:03 | Create | Villager (Male) |
| 5:32 | Create | Villager (Male) |
| 5:32 | Create | Villager (Male) |
| 5:54 | Create | Villager (Male) |
| 6:07 | Create | Villager (Male) |
| 6:08 | Create | Villager (Male) |
| 6:18 | Create | Villager (Male) |
| 6:18 | Create | Villager (Male) |
| 6:18 | Create | Villager (Male) |
| 6:24 | Create | Villager (Male) |
| 6:29 | Build | House |
| 7:12 | Create | Villager (Male) |
| 7:13 | Create | Villager (Male) |
| 7:13 | Create | Villager (Male) |
| 7:15 | Build | Lumber Camp |
| 7:58 | Create | Villager (Male) |
| 8:03 | Create | Villager (Male) |
| 8:49 | Build | House |
| 9:08 | Build | Mill |
| 9:20 | Build | House |
| 9:37 | Build | Farm |
| 10:13 | Build | Mining Camp |
| 10:31 | Research | Feudal Age |
| 10:56 | Build | Barracks |
| 11:38 | Build | Lumber Camp |
| 11:50 | Build | Farm |
| 11:52 | Create | Villager (Male) |
| 11:53 | Create | Villager (Male) |
| 12:22 | Build | Palisade Wall |
| 12:41 | Age | Feudal Age |
| 12:45 | Create | Villager (Male) |
| 12:54 | Build | Stable |
| 13:20 | Build | Blacksmith |
| 13:32 | Create | Scout Cavalry |
| 13:32 | Create | Scout Cavalry |
| 13:33 | Create | Scout Cavalry |
| 14:04 | Build | Farm |
| 14:14 | Create | Villager (Male) |
| 14:30 | Build | Blacksmith |
| 14:46 | Create | Scout Cavalry |
| 14:49 | Build | Farm |
| 14:51 | Create | Villager (Male) |
| 15:14 | Create | Scout Cavalry |
| 15:18 | Research | Scale Barding Armor |
| 15:21 | Build | Farm |
| 15:22 | Build | Farm |
| 15:28 | Build | Farm |
| 15:33 | Build | Watch Tower |
| 15:50 | Build | Farm |
| 15:52 | Research | Bloodlines |
| 16:22 | Build | Lumber Camp |
| 17:35 | Create | Scout Cavalry |
| 17:36 | Create | Scout Cavalry |
| 17:40 | Build | Farm |
| 18:18 | Create | Scout Cavalry |
| 18:20 | Create | Villager (Male) |
| 18:38 | Build | Farm |
| 18:40 | Build | Farm |
| 18:41 | Build | Farm |
| 18:44 | Build | Farm |
| 18:57 | Build | House |
| 19:15 | Create | Villager (Male) |
| 19:15 | Create | Villager (Male) |
| 20:02 | Build | Mining Camp |
| 20:08 | Build | Stable |
| 20:13 | Build | Palisade Wall |
| 20:31 | Research | Wheelbarrow |
| 21:18 | Build | Palisade Wall |
| 21:33 | Research | Horse Collar |
| 21:36 | Create | Villager (Male) |
| 21:36 | Create | Villager (Male) |
| 21:41 | Research | Double-Bit Axe |
| 22:27 | Build | Farm |
| 22:36 | Build | Palisade Gate |
| 22:38 | Build | Palisade Wall |
| 22:44 | Build | Farm |
| 23:43 | Build | Archery Range |
| 23:48 | Research | Castle Age |
| 23:48 | Research | Castle Age |
| 23:59 | Build | Archery Range |
| 24:05 | Research | Fletching |
| 24:20 | Build | House |
| 24:36 | Create | Skirmisher |
| 24:36 | Create | Skirmisher |
| 24:36 | Create | Skirmisher |
| 24:59 | Build | House |
| 25:08 | Create | Skirmisher |
| 25:08 | Create | Skirmisher |
| 25:09 | Create | Skirmisher |
| 25:09 | Create | Skirmisher |
| 25:10 | Create | Skirmisher |
| 25:29 | Create | Skirmisher ×5 |
| 25:43 | Build | Farm |
| 25:43 | Build | Farm |
| 25:44 | Build | Farm |
| 25:46 | Build | Farm |
| 26:08 | Research | Padded Archer Armor |
| 26:08 | Research | Padded Archer Armor |
| 26:21 | Build | Farm |
| 26:28 | Age | Castle Age |
| 26:35 | Research | Elite Skirmisher (upgrade) |
| 27:17 | Create | Villager (Male) |
| 27:17 | Create | Villager (Male) |
| 27:23 | Research | Bodkin Arrow |
| 27:49 | Build | House |
| 27:52 | Build | House |
| 28:34 | Create | Skirmisher ×5 |
| 28:35 | Create | Skirmisher ×5 |
| 30:41 | Create | Skirmisher |
| 30:41 | Create | Skirmisher |
| 30:44 | Research | Leather Archer Armor |
| 31:13 | Build | Mining Camp |
| 31:21 | Create | Skirmisher ×5 |
| 31:21 | Create | Skirmisher ×5 |
| 31:22 | Create | Skirmisher ×5 |
| 33:20 | Build | Castle |
| 33:42 | Build | Castle |
| 37:55 | Build | Town Center |
| 38:02 | Create | Genoese Crossbowman |
| 38:03 | Create | Genoese Crossbowman |
| 41:39 | Create | Villager (Male) |
Build order — Monkey Bollocks
First 150 of 320 actions detected
| 0:01 | Create | Villager (Male) ×3 |
| 0:02 | Build | House |
| 0:04 | Build | House |
| 1:26 | Create | Villager (Male) |
| 1:26 | Create | Villager (Male) |
| 1:48 | Create | Villager (Male) |
| 2:22 | Create | Villager (Male) |
| 2:22 | Create | Villager (Male) |
| 2:22 | Create | Villager (Male) |
| 2:24 | Build | Lumber Camp |
| 3:02 | Build | House |
| 3:04 | Build | House |
| 3:16 | Build | House |
| 3:22 | Create | Villager (Male) |
| 3:22 | Create | Villager (Male) |
| 3:22 | Create | Villager (Male) |
| 4:19 | Build | Palisade Wall |
| 4:22 | Build | Palisade Wall |
| 4:28 | Create | Villager (Male) |
| 4:29 | Create | Villager (Male) |
| 4:40 | Create | Villager (Male) |
| 5:17 | Create | Villager (Male) |
| 6:09 | Build | Mining Camp |
| 6:30 | Create | Villager (Male) |
| 6:43 | Create | Villager (Male) |
| 7:37 | Research | Loom |
| 7:54 | Research | Feudal Age |
| 8:22 | Build | Barracks |
| 9:06 | Build | Mill |
| 9:16 | Create | Villager (Male) |
| 9:17 | Create | Villager (Male) |
| 10:01 | Build | House |
| 10:12 | Age | Feudal Age |
| 10:14 | Build | Archery Range |
| 10:18 | Build | Archery Range |
| 10:28 | Research | Double-Bit Axe |
| 10:38 | Create | Villager (Male) |
| 11:05 | Create | Villager (Male) |
| 11:13 | Create | Archer |
| 11:15 | Create | Archer |
| 11:26 | Create | Archer |
| 11:42 | Build | Palisade Wall |
| 11:43 | Build | Palisade Gate |
| 11:44 | Build | Palisade Wall |
| 11:48 | Create | Villager (Male) |
| 11:53 | Create | Archer |
| 11:59 | Build | Blacksmith |
| 12:02 | Build | Palisade Wall |
| 12:04 | Create | Villager (Male) |
| 12:20 | Research | Horse Collar |
| 12:23 | Create | Villager (Male) |
| 12:26 | Build | House |
| 12:27 | Build | House |
| 12:36 | Create | Villager (Male) |
| 12:45 | Build | House |
| 12:51 | Create | Archer |
| 12:57 | Research | Fletching |
| 13:14 | Create | Archer |
| 13:43 | Create | Villager (Male) |
| 13:44 | Create | Villager (Male) |
| 13:54 | Create | Archer |
| 13:54 | Create | Archer |
| 14:04 | Create | Villager (Male) |
| 14:04 | Create | Villager (Male) |
| 14:06 | Build | Farm |
| 14:07 | Build | Farm |
| 14:07 | Build | Farm |
| 14:12 | Build | Archery Range |
| 14:15 | Create | Archer |
| 14:34 | Create | Spearman |
| 14:39 | Build | Farm |
| 14:40 | Build | Farm |
| 14:45 | Create | Villager (Male) |
| 14:45 | Create | Villager (Male) |
| 15:09 | Create | Villager (Male) |
| 15:22 | Create | Archer |
| 15:22 | Create | Archer |
| 15:47 | Create | Villager (Male) |
| 15:48 | Create | Villager (Male) |
| 16:03 | Create | Villager (Male) |
| 16:07 | Build | House |
| 16:16 | Build | House |
| 16:17 | Build | House |
| 16:19 | Create | Villager (Male) |
| 16:22 | Create | Archer |
| 17:28 | Create | Villager (Male) |
| 17:28 | Create | Villager (Male) |
| 17:33 | Create | Archer |
| 17:33 | Create | Archer |
| 18:04 | Create | Villager (Male) |
| 18:04 | Create | Villager (Male) |
| 18:11 | Build | Market |
| 18:13 | Create | Archer |
| 18:13 | Create | Archer |
| 18:26 | Build | House |
| 18:27 | Build | Stone Wall |
| 18:37 | Create | Archer |
| 18:37 | Create | Spearman |
| 18:37 | Create | Spearman |
| 18:38 | Create | Spearman |
| 18:51 | Build | Mill |
| 18:52 | Build | Farm |
| 18:52 | Build | Farm |
| 18:53 | Build | Farm |
| 19:02 | Build | Stone Wall |
| 19:10 | Create | Archer |
| 19:10 | Create | Villager (Male) |
| 19:11 | Create | Villager (Male) |
| 19:13 | Build | Farm |
| 19:13 | Build | Farm |
| 19:14 | Build | Farm |
| 19:14 | Build | Farm |
| 19:34 | Build | Stone Wall |
| 19:40 | Build | Mining Camp |
| 19:47 | Create | Archer |
| 19:52 | Build | House |
| 20:02 | Build | Palisade Wall |
| 20:03 | Build | Palisade Gate |
| 20:13 | Build | Palisade Wall |
| 20:16 | Create | Villager (Male) |
| 20:16 | Create | Villager (Male) |
| 20:16 | Create | Villager (Male) |
| 20:19 | Build | Farm |
| 20:20 | Build | Farm |
| 20:20 | Build | Farm |
| 20:29 | Build | House |
| 20:44 | Create | Villager (Male) |
| 20:44 | Create | Villager (Male) |
| 20:48 | Build | Farm |
| 20:48 | Build | Farm |
| 20:48 | Build | Farm |
| 20:48 | Build | Farm |
| 20:48 | Build | Farm |
| 20:49 | Build | Farm |
| 20:57 | Build | Stone Wall |
| 21:04 | Create | Villager (Male) |
| 21:09 | Create | Archer |
| 21:25 | Build | Farm |
| 21:34 | Research | Wheelbarrow |
| 22:45 | Research | Castle Age |
| 22:45 | Research | Castle Age |
| 22:56 | Build | Palisade Wall |
| 23:37 | Create | Archer |
| 23:37 | Create | Archer |
| 23:44 | Build | Archery Range |
| 23:51 | Create | Archer |
| 23:51 | Create | Archer |
| 24:00 | Research | Padded Archer Armor |
| 24:03 | Create | Spearman |
| 24:03 | Create | Spearman |
Build order — 我有低保我先上
First 150 of 439 actions detected
| 0:07 | Build | House |
| 0:10 | Build | House |
| 0:10 | Create | Villager (Male) |
| 0:11 | Create | Villager (Male) |
| 0:11 | Create | Villager (Male) |
| 0:11 | Create | Villager (Male) |
| 1:33 | Create | Villager (Male) |
| 2:00 | Create | Villager (Male) |
| 2:41 | Create | Villager (Male) |
| 2:41 | Create | Villager (Male) |
| 2:44 | Build | Lumber Camp |
| 3:30 | Create | Villager (Male) |
| 3:30 | Create | Villager (Male) |
| 3:33 | Create | Villager (Male) |
| 3:33 | Create | Villager (Male) |
| 3:53 | Build | House |
| 4:32 | Create | Villager (Male) |
| 5:03 | Create | Villager (Male) |
| 5:05 | Build | Mill |
| 5:07 | Create | Villager (Male) |
| 5:26 | Create | Villager (Male) |
| 5:34 | Build | House |
| 5:53 | Create | Villager (Male) |
| 6:34 | Create | Villager (Male) |
| 7:05 | Create | Villager (Male) |
| 7:19 | Build | Mining Camp |
| 7:37 | Create | Villager (Male) |
| 7:58 | Create | Villager (Male) |
| 8:24 | Research | Feudal Age |
| 8:53 | Create | Villager (Male) |
| 8:53 | Create | Villager (Male) |
| 9:16 | Build | House |
| 9:20 | Build | Farm |
| 9:22 | Research | Double-Bit Axe |
| 9:24 | Research | Horse Collar |
| 9:27 | Create | Villager (Male) |
| 9:45 | Build | Farm |
| 9:47 | Build | Farm |
| 9:51 | Build | Farm |
| 10:02 | Create | Villager (Male) |
| 10:18 | Build | House |
| 10:41 | Age | Feudal Age |
| 10:43 | Build | Market |
| 11:22 | Build | Blacksmith |
| 12:06 | Research | Loom |
| 12:06 | Research | Loom |
| 12:12 | Create | Villager (Male) |
| 12:21 | Build | Farm |
| 12:27 | Build | House |
| 12:42 | Create | Villager (Male) |
| 12:48 | Build | Barracks |
| 12:50 | Build | Palisade Wall |
| 13:10 | Build | House |
| 13:13 | Build | House |
| 13:53 | Research | Castle Age |
| 14:03 | Build | Stable |
| 14:17 | Build | Farm |
| 14:24 | Build | Farm |
| 14:29 | Build | Farm |
| 14:37 | Build | House |
| 15:25 | Build | Stable |
| 15:30 | Research | Scale Barding Armor |
| 15:31 | Research | Scale Barding Armor |
| 15:35 | Research | Bow Saw |
| 16:33 | Age | Castle Age |
| 16:34 | Build | Town Center |
| 16:35 | Create | Knight |
| 16:35 | Create | Knight |
| 16:35 | Create | Knight |
| 16:50 | Create | Villager (Male) |
| 16:50 | Create | Villager (Male) |
| 16:58 | Research | Gold Mining |
| 16:58 | Research | Gold Mining |
| 17:28 | Create | Knight |
| 17:28 | Create | Knight |
| 17:32 | Create | Villager (Male) |
| 17:41 | Create | Villager (Male) |
| 17:44 | Build | Town Center |
| 17:46 | Create | Villager (Male) |
| 17:56 | Create | Knight |
| 18:19 | Create | Knight |
| 18:19 | Create | Knight |
| 19:00 | Create | Knight |
| 19:00 | Create | Knight |
| 19:02 | Create | Villager (Male) |
| 19:09 | Build | Farm |
| 19:21 | Create | Knight |
| 19:27 | Build | Monastery |
| 19:29 | Build | Farm |
| 19:33 | Build | Farm |
| 19:48 | Build | Farm |
| 19:50 | Create | Villager (Male) |
| 19:53 | Build | Farm |
| 20:29 | Build | Farm |
| 20:30 | Create | Monk |
| 20:44 | Create | Villager (Male) |
| 20:48 | Build | Farm |
| 20:49 | Research | Heavy Plow |
| 20:51 | Research | Gold Shaft Mining |
| 21:12 | Create | Villager (Male) |
| 21:12 | Create | Villager (Male) |
| 21:12 | Create | Villager (Male) |
| 21:12 | Create | Villager (Male) |
| 21:21 | Create | Villager (Male) |
| 21:27 | Create | Monk |
| 21:58 | Build | Farm |
| 22:00 | Create | Villager (Male) |
| 22:04 | Build | Farm |
| 22:05 | Build | Farm |
| 22:25 | Create | Knight |
| 22:25 | Create | Knight |
| 22:25 | Create | Knight |
| 22:30 | Create | Villager (Male) |
| 22:30 | Create | Villager (Male) |
| 22:33 | Build | Farm |
| 22:46 | Create | Monk |
| 22:46 | Create | Monk |
| 22:50 | Create | Villager (Male) |
| 22:55 | Build | Mining Camp |
| 22:57 | Create | Villager (Male) |
| 23:23 | Research | Forging |
| 23:24 | Research | Forging |
| 23:48 | Build | Farm |
| 23:49 | Build | Farm |
| 23:50 | Build | Farm |
| 23:51 | Build | Farm |
| 23:52 | Build | Farm |
| 23:54 | Create | Villager (Male) |
| 23:55 | Create | Villager (Male) |
| 23:55 | Create | Villager (Male) |
| 23:56 | Create | Knight |
| 23:57 | Create | Knight |
| 23:57 | Create | Knight |
| 24:32 | Create | Knight |
| 24:32 | Create | Knight |
| 24:32 | Create | Knight |
| 24:32 | Create | Knight |
| 24:38 | Build | House |
| 24:39 | Build | House |
| 24:39 | Build | House |
| 24:39 | Build | House |
| 24:48 | Research | Cavalier (upgrade) |
| 24:48 | Research | Cavalier (upgrade) |
| 25:44 | Research | Chain Barding Armor |
| 25:45 | Research | Chain Barding Armor |
| 25:46 | Create | Villager (Male) |
| 25:46 | Create | Villager (Male) |
| 25:46 | Create | Villager (Male) |
| 26:15 | Create | Knight |
| 26:16 | Create | Knight |
Build order — impossible
First 150 of 279 actions detected
| 0:01 | Create | Villager (Male) |
| 0:01 | Create | Villager (Male) |
| 0:02 | Create | Villager (Male) |
| 0:02 | Create | Villager (Male) |
| 0:05 | Research | Loom |
| 0:06 | Research | Loom |
| 0:08 | Build | House |
| 0:13 | Build | House |
| 0:27 | Create | Villager (Male) |
| 0:27 | Create | Villager (Male) |
| 0:27 | Create | Villager (Male) |
| 0:28 | Create | Villager (Male) |
| 1:38 | Create | Villager (Male) |
| 1:39 | Create | Villager (Male) |
| 2:53 | Create | Villager (Male) |
| 3:29 | Create | Villager (Male) |
| 3:30 | Create | Villager (Male) |
| 3:53 | Create | Villager (Male) |
| 3:53 | Create | Villager (Male) |
| 4:50 | Create | Villager (Male) |
| 4:50 | Create | Villager (Male) |
| 5:04 | Build | House |
| 5:08 | Create | Villager (Male) |
| 5:49 | Build | Palisade Wall |
| 5:50 | Build | Palisade Wall |
| 6:02 | Build | Mill |
| 6:04 | Create | Villager (Male) |
| 6:04 | Create | Villager (Male) |
| 7:00 | Create | Villager (Male) |
| 7:01 | Create | Villager (Male) |
| 7:01 | Create | Villager (Male) |
| 7:33 | Create | Villager (Male) |
| 7:34 | Create | Villager (Male) |
| 7:43 | Build | House |
| 7:49 | Build | Barracks |
| 8:30 | Build | Palisade Wall |
| 8:55 | Build | Farm |
| 8:58 | Build | Farm |
| 9:01 | Build | Farm |
| 9:29 | Research | Feudal Age |
| 9:29 | Research | Feudal Age |
| 10:32 | Create | Villager (Male) |
| 10:32 | Create | Villager (Male) |
| 10:33 | Create | Villager (Male) |
| 11:26 | Build | House |
| 11:39 | Age | Feudal Age |
| 11:43 | Create | Spearman |
| 11:44 | Create | Spearman |
| 12:14 | Create | Spearman |
| 12:20 | Build | Archery Range |
| 12:22 | Build | Archery Range |
| 12:43 | Create | Villager (Male) |
| 12:44 | Create | Villager (Male) |
| 12:50 | Build | House |
| 13:02 | Create | Spearman |
| 13:03 | Create | Archer |
| 13:04 | Create | Archer |
| 13:08 | Build | Mining Camp |
| 13:34 | Build | Farm |
| 13:37 | Build | Farm |
| 13:39 | Create | Skirmisher |
| 13:40 | Create | Skirmisher |
| 14:08 | Create | Archer |
| 14:08 | Create | Archer |
| 14:14 | Create | Skirmisher |
| 14:15 | Create | Skirmisher |
| 14:15 | Create | Skirmisher |
| 14:40 | Create | Spearman |
| 14:40 | Create | Spearman |
| 14:42 | Create | Villager (Male) |
| 14:43 | Create | Villager (Male) |
| 14:46 | Create | Archer |
| 14:46 | Create | Archer |
| 14:46 | Create | Archer |
| 14:47 | Create | Villager (Male) |
| 14:48 | Create | Villager (Male) |
| 15:10 | Create | Villager (Male) |
| 15:11 | Create | Villager (Male) |
| 15:13 | Build | Farm |
| 15:37 | Build | House |
| 15:46 | Create | Archer |
| 15:46 | Create | Archer |
| 15:47 | Create | Archer |
| 16:08 | Create | Archer |
| 16:08 | Create | Archer |
| 16:09 | Create | Villager (Male) |
| 16:10 | Create | Villager (Male) |
| 16:12 | Build | House |
| 16:14 | Build | House |
| 16:55 | Create | Archer |
| 16:55 | Create | Archer |
| 16:56 | Create | Villager (Male) |
| 16:57 | Create | Villager (Male) |
| 17:12 | Build | Blacksmith |
| 17:49 | Research | Fletching |
| 17:49 | Research | Fletching |
| 17:53 | Create | Archer |
| 17:54 | Create | Archer |
| 17:55 | Create | Archer |
| 17:56 | Create | Archer |
| 18:09 | Create | Villager (Male) |
| 18:10 | Create | Villager (Male) |
| 18:12 | Build | House |
| 18:14 | Build | House |
| 18:29 | Build | Lumber Camp |
| 18:30 | Build | Farm |
| 18:33 | Build | Farm |
| 18:40 | Create | Archer |
| 19:23 | Create | Archer |
| 19:24 | Create | Archer |
| 19:36 | Research | Padded Archer Armor |
| 19:36 | Research | Padded Archer Armor |
| 19:55 | Create | Villager (Male) |
| 19:56 | Create | Villager (Male) |
| 19:56 | Create | Villager (Male) |
| 19:59 | Build | Farm |
| 20:01 | Build | Farm |
| 20:04 | Create | Villager (Male) |
| 20:05 | Create | Villager (Male) |
| 20:21 | Create | Archer ×5 |
| 20:22 | Create | Archer ×5 |
| 20:22 | Create | Archer |
| 20:47 | Build | Farm |
| 20:49 | Build | Farm |
| 20:54 | Build | Farm |
| 21:28 | Build | House |
| 21:28 | Build | House |
| 21:28 | Build | House |
| 21:28 | Build | House |
| 21:40 | Research | Double-Bit Axe |
| 21:41 | Research | Double-Bit Axe |
| 21:48 | Create | Archer |
| 21:49 | Create | Archer |
| 22:01 | Create | Archer |
| 22:01 | Create | Archer |
| 22:02 | Create | Archer |
| 22:03 | Create | Villager (Male) |
| 22:03 | Create | Villager (Male) |
| 22:38 | Create | Villager (Male) |
| 22:38 | Create | Villager (Male) |
| 22:47 | Build | Farm |
| 22:51 | Build | Farm |
| 22:52 | Build | Farm |
| 22:54 | Build | Farm |
| 22:59 | Build | Farm |
| 23:00 | Build | Farm |
| 24:21 | Create | Archer |
| 24:21 | Create | Archer |
| 24:21 | Create | Archer |
| 24:56 | Research | Castle Age |
Build order — Gengis_Kush
First 150 of 278 actions detected
| 0:01 | Create | Villager (Male) |
| 0:01 | Create | Villager (Male) |
| 0:02 | Create | Villager (Male) |
| 0:02 | Create | Villager (Male) |
| 0:03 | Build | House |
| 0:05 | Build | House |
| 1:35 | Create | Villager (Male) |
| 1:35 | Create | Villager (Male) |
| 1:54 | Research | Loom |
| 2:15 | Create | Villager (Male) |
| 2:16 | Create | Villager (Male) |
| 2:16 | Create | Villager (Male) |
| 2:41 | Create | Villager (Male) |
| 2:41 | Create | Villager (Male) |
| 3:00 | Build | Lumber Camp |
| 3:32 | Create | Villager (Male) |
| 3:33 | Create | Villager (Male) |
| 3:33 | Create | Villager (Male) |
| 3:34 | Create | Villager (Male) |
| 4:18 | Build | House |
| 4:55 | Create | Villager (Male) |
| 4:56 | Create | Villager (Male) |
| 4:56 | Create | Villager (Male) |
| 4:56 | Create | Villager (Male) |
| 5:29 | Build | Mill |
| 5:29 | Create | Villager (Male) |
| 5:30 | Create | Villager (Male) |
| 6:26 | Create | Villager (Male) |
| 6:32 | Build | House |
| 6:45 | Create | Villager (Male) |
| 6:49 | Create | Villager (Male) |
| 7:45 | Build | Mill |
| 8:20 | Research | Feudal Age |
| 8:20 | Research | Feudal Age |
| 8:41 | Build | Mining Camp |
| 8:53 | Build | Mining Camp |
| 8:56 | Create | Villager (Male) |
| 9:59 | Build | Barracks |
| 10:30 | Age | Feudal Age |
| 10:37 | Create | Villager (Male) |
| 10:38 | Create | Villager (Male) |
| 10:51 | Build | Archery Range |
| 11:04 | Build | House |
| 11:34 | Create | Archer |
| 11:35 | Create | Archer |
| 11:48 | Build | House |
| 11:58 | Create | Villager (Male) |
| 11:58 | Create | Villager (Male) |
| 11:59 | Create | Villager (Male) |
| 12:08 | Research | Double-Bit Axe |
| 12:26 | Build | Archery Range |
| 13:01 | Create | Archer |
| 13:01 | Create | Archer |
| 13:01 | Create | Archer |
| 13:01 | Create | Archer |
| 13:02 | Create | Archer |
| 13:02 | Create | Archer |
| 13:15 | Create | Archer |
| 13:26 | Build | House |
| 13:35 | Create | Archer |
| 13:35 | Create | Archer |
| 14:40 | Create | Archer |
| 14:40 | Create | Archer |
| 14:40 | Create | Archer |
| 14:55 | Create | Archer |
| 14:55 | Create | Archer |
| 15:03 | Build | House |
| 15:03 | Create | Villager (Male) |
| 15:04 | Create | Villager (Male) |
| 15:04 | Create | Villager (Male) |
| 15:04 | Create | Villager (Male) |
| 15:04 | Create | Villager (Male) |
| 15:07 | Create | Archer |
| 15:07 | Create | Archer |
| 15:07 | Create | Archer |
| 15:11 | Build | Farm |
| 15:12 | Build | Farm |
| 15:12 | Build | Farm |
| 15:12 | Build | Farm |
| 15:12 | Build | Farm |
| 15:13 | Build | Farm |
| 16:28 | Create | Archer |
| 16:28 | Create | Archer |
| 16:28 | Create | Archer |
| 16:28 | Create | Archer |
| 16:30 | Create | Villager (Male) |
| 16:30 | Create | Villager (Male) |
| 16:34 | Build | Farm |
| 16:35 | Build | Farm |
| 16:35 | Build | Farm |
| 16:35 | Build | Farm |
| 17:02 | Create | Archer |
| 17:02 | Create | Archer |
| 17:53 | Create | Archer |
| 17:53 | Create | Archer |
| 17:54 | Create | Archer |
| 17:54 | Create | Archer |
| 17:57 | Create | Villager (Male) |
| 17:57 | Create | Villager (Male) |
| 17:58 | Create | Villager (Male) |
| 17:58 | Create | Villager (Male) |
| 18:07 | Build | House |
| 18:07 | Build | House |
| 18:07 | Build | House |
| 18:08 | Build | House |
| 18:14 | Create | Archer |
| 18:15 | Create | Archer |
| 18:15 | Create | Archer |
| 19:21 | Build | Blacksmith |
| 19:46 | Create | Archer |
| 19:46 | Create | Archer |
| 19:47 | Create | Archer |
| 19:47 | Create | Archer |
| 19:47 | Create | Archer |
| 19:47 | Create | Archer |
| 19:55 | Build | Archery Range |
| 20:07 | Research | Fletching |
| 20:08 | Research | Fletching |
| 20:34 | Research | Padded Archer Armor |
| 20:34 | Research | Padded Archer Armor |
| 20:37 | Create | Archer |
| 20:38 | Create | Archer |
| 20:38 | Create | Archer |
| 20:38 | Create | Archer |
| 20:38 | Create | Archer |
| 21:09 | Create | Archer |
| 21:10 | Create | Archer |
| 21:10 | Create | Archer |
| 21:17 | Build | Archery Range |
| 21:20 | Build | Lumber Camp |
| 21:24 | Build | Farm |
| 21:24 | Build | Farm |
| 21:24 | Build | Farm |
| 21:53 | Create | Archer |
| 21:56 | Create | Archer |
| 21:56 | Create | Archer |
| 21:56 | Create | Archer |
| 21:57 | Create | Archer |
| 21:57 | Create | Archer |
| 22:05 | Build | House |
| 22:30 | Create | Archer |
| 22:32 | Create | Archer |
| 22:36 | Build | Archery Range |
| 22:45 | Create | Villager (Male) |
| 22:46 | Create | Villager (Male) |
| 22:50 | Research | Wheelbarrow |
| 22:51 | Research | Wheelbarrow |
| 22:56 | Create | Villager (Male) |
| 22:56 | Create | Villager (Male) |
| 23:00 | Build | Farm |
Build order — Evil Mechanic
First 150 of 324 actions detected
| 0:04 | Create | Villager (Male) ×5 |
| 0:08 | Build | House |
| 0:10 | Build | House |
| 2:03 | Create | Villager (Male) |
| 2:19 | Create | Villager (Male) |
| 2:26 | Create | Villager (Male) |
| 3:02 | Create | Villager (Male) |
| 3:08 | Build | House |
| 3:23 | Create | Villager (Male) |
| 3:24 | Create | Villager (Male) |
| 3:47 | Build | Mill |
| 3:48 | Create | Villager (Male) |
| 4:04 | Build | Mill |
| 4:14 | Create | Villager (Male) |
| 4:16 | Create | Villager (Male) |
| 4:55 | Create | Villager (Male) |
| 5:19 | Create | Villager (Male) |
| 5:44 | Build | Lumber Camp |
| 6:27 | Create | Villager (Male) |
| 6:37 | Build | House |
| 6:52 | Create | Villager (Male) |
| 7:07 | Build | Barracks |
| 7:30 | Create | Villager (Male) |
| 7:42 | Build | House |
| 8:04 | Create | Villager (Male) |
| 8:12 | Research | Loom |
| 8:31 | Research | Feudal Age |
| 8:43 | Build | Mining Camp |
| 10:55 | Age | Feudal Age |
| 11:00 | Build | Stable |
| 11:04 | Create | Villager (Male) |
| 11:12 | Build | Farm |
| 11:13 | Build | Farm |
| 11:13 | Build | Farm |
| 11:13 | Build | Farm |
| 11:13 | Build | Farm |
| 11:36 | Create | Spearman |
| 11:37 | Create | Spearman |
| 11:37 | Create | Spearman |
| 11:40 | Create | Scout Cavalry |
| 11:40 | Create | Scout Cavalry |
| 12:07 | Create | Spearman |
| 12:17 | Create | Spearman |
| 12:58 | Create | Spearman |
| 12:58 | Create | Spearman |
| 13:04 | Create | Scout Cavalry |
| 13:05 | Create | Scout Cavalry |
| 13:20 | Create | Spearman |
| 13:25 | Build | House |
| 13:29 | Build | House |
| 14:32 | Create | Spearman |
| 14:32 | Create | Spearman |
| 14:32 | Create | Spearman |
| 14:51 | Create | Spearman |
| 14:51 | Create | Spearman |
| 14:57 | Create | Scout Cavalry |
| 14:57 | Create | Scout Cavalry |
| 14:58 | Create | Villager (Male) |
| 14:58 | Create | Villager (Male) |
| 15:15 | Build | Farm |
| 15:16 | Build | Farm |
| 15:16 | Build | Farm |
| 15:16 | Build | Farm |
| 15:23 | Create | Scout Cavalry |
| 15:23 | Create | Scout Cavalry |
| 15:47 | Create | Spearman |
| 16:10 | Create | Spearman |
| 16:13 | Create | Scout Cavalry |
| 16:17 | Build | Farm |
| 16:17 | Build | Farm |
| 16:17 | Build | Farm |
| 16:17 | Build | Farm |
| 16:33 | Create | Scout Cavalry |
| 16:36 | Create | Villager (Male) |
| 16:36 | Create | Villager (Male) |
| 16:47 | Create | Spearman |
| 17:14 | Create | Scout Cavalry |
| 17:39 | Create | Scout Cavalry |
| 17:39 | Create | Scout Cavalry |
| 17:40 | Create | Spearman |
| 17:40 | Create | Spearman |
| 17:54 | Create | Spearman |
| 17:57 | Build | Archery Range |
| 17:58 | Build | House |
| 17:59 | Build | House |
| 17:59 | Build | House |
| 17:59 | Build | House |
| 18:02 | Create | Villager (Male) |
| 18:02 | Create | Villager (Male) |
| 18:15 | Build | House |
| 19:09 | Create | Scout Cavalry |
| 19:09 | Create | Scout Cavalry |
| 19:09 | Create | Scout Cavalry |
| 19:09 | Create | Spearman |
| 19:09 | Create | Spearman |
| 19:34 | Create | Scout Cavalry |
| 19:36 | Create | Villager (Male) |
| 19:45 | Build | Farm |
| 19:45 | Build | Farm |
| 19:45 | Build | Farm |
| 19:46 | Build | Farm |
| 20:01 | Create | Scout Cavalry |
| 20:02 | Create | Spearman |
| 20:04 | Build | House |
| 20:06 | Build | House |
| 20:08 | Create | Villager (Male) |
| 20:28 | Build | Farm |
| 20:38 | Create | Villager (Male) |
| 21:19 | Create | Scout Cavalry |
| 21:19 | Create | Scout Cavalry |
| 21:22 | Create | Spearman |
| 21:22 | Create | Spearman |
| 22:05 | Create | Scout Cavalry |
| 22:10 | Build | Blacksmith |
| 22:30 | Create | Villager (Male) |
| 22:32 | Create | Villager (Male) |
| 22:33 | Build | Farm |
| 22:53 | Create | Villager (Male) |
| 23:16 | Create | Scout Cavalry |
| 23:18 | Research | Bloodlines |
| 24:03 | Build | Farm |
| 24:05 | Create | Villager (Male) |
| 24:06 | Create | Villager (Male) |
| 24:06 | Create | Villager (Male) |
| 24:06 | Create | Villager (Male) |
| 24:07 | Create | Villager (Male) |
| 24:07 | Create | Villager (Male) |
| 24:51 | Research | Scale Barding Armor |
| 24:55 | Create | Villager (Male) |
| 25:08 | Build | Farm |
| 25:08 | Build | Farm |
| 25:09 | Build | Farm |
| 25:09 | Build | Farm |
| 26:00 | Create | Villager (Male) |
| 26:03 | Build | Farm |
| 26:04 | Build | Farm |
| 26:05 | Build | Farm |
| 26:05 | Build | Farm |
| 26:05 | Build | Farm |
| 26:06 | Build | Farm |
| 26:06 | Build | Farm |
| 26:07 | Build | Farm |
| 26:19 | Research | Forging |
| 26:24 | Create | Scout Cavalry |
| 26:51 | Build | Farm |
| 26:52 | Build | Farm |
| 26:53 | Create | Villager (Male) |
| 27:38 | Build | Farm |
| 28:36 | Create | Scout Cavalry |
| 28:37 | Create | Scout Cavalry |
Match timeline
| 1:26 | Angelo · wall_segment Palisade Wall x1 |
| 2:22 | Angelo · wall_segment Palisade Wall x8 |
| 4:19 | Monkey Bollocks · wall_segment Palisade Wall x1 |
| 4:22 | Monkey Bollocks · wall_segment Palisade Wall x3 |
| 5:49 | impossible · wall_segment Palisade Wall x1 |
| 5:50 | impossible · wall_segment Palisade Wall x1 |
| 6:00 | [PVS] Guts · first_building Barracks |
| 6:51 | [PVS] Guts · wall_segment Palisade Wall x1 |
| 7:07 | Evil Mechanic · first_building Barracks |
| 7:49 | impossible · first_building Barracks |
| 8:22 | Monkey Bollocks · first_building Barracks |
| 8:30 | impossible · wall_segment Palisade Wall x3 |
| 8:58 | VIP IVORY · first_building Barracks |
| 9:26 | [PVS] Guts · age_up feudal |
| 9:29 | [PVS] Guts · first_building Stable |
| 9:59 | Gengis_Kush · first_building Barracks |
| 10:12 | Monkey Bollocks · age_up feudal |
| 10:14 | Monkey Bollocks · first_building Archery Range |
| 10:30 | Gengis_Kush · age_up feudal |
| 10:41 | 我有低保我先上 · age_up feudal |
| 10:51 | Gengis_Kush · first_building Archery Range |
| 10:55 | Evil Mechanic · age_up feudal |
| 10:56 | Angelo · first_building Barracks |
| 10:58 | VIP IVORY · first_building Stable |
| 11:00 | Evil Mechanic · first_building Stable |
| 11:39 | impossible · age_up feudal |
| 11:42 | Monkey Bollocks · wall_segment Palisade Wall x4 |
| 11:44 | Monkey Bollocks · wall_segment Palisade Wall x1 |
| 12:02 | Monkey Bollocks · wall_segment Palisade Wall x2 |
| 12:20 | impossible · first_building Archery Range |
| 12:22 | Angelo · wall_segment Palisade Wall x5 |
| 12:41 | Angelo · age_up feudal |
| 12:48 | 我有低保我先上 · first_building Barracks |
| 12:50 | 我有低保我先上 · wall_segment Palisade Wall x1 |
| 12:54 | Angelo · first_building Stable |
| 14:03 | 我有低保我先上 · first_building Stable |
| 15:05 | 我有低保我先上 · first_market_buy 100 food |
| 15:09 | [PVS] Guts · wall_segment Palisade Wall x5 |
| 15:10 | [PVS] Guts · wall_segment Palisade Wall x1 |
| 16:33 | 我有低保我先上 · age_up castle |
| 16:55 | [PVS] Guts · wall_segment Palisade Wall x7 |
| 17:47 | VIP IVORY · wall_segment Palisade Wall x13 |
| 17:57 | Evil Mechanic · first_building Archery Range |
| 18:27 | Monkey Bollocks · wall_segment Stone Wall x1 |
| 19:02 | Monkey Bollocks · wall_segment Stone Wall x1 |
| 19:27 | 我有低保我先上 · first_building Monastery |
| 19:34 | Monkey Bollocks · wall_segment Stone Wall x1 |
| 20:02 | Monkey Bollocks · wall_segment Palisade Wall x3 |
| 20:13 | Angelo · wall_segment Palisade Wall x1 |
| 20:13 | Monkey Bollocks · wall_segment Palisade Wall x1 |
| 20:42 | Monkey Bollocks · first_market_sell 100 wood |
| 20:43 | Monkey Bollocks · first_market_buy 100 food |
| 20:45 | VIP IVORY · first_market_sell 100 wood |
| 20:47 | VIP IVORY · first_market_buy 100 food |
| 20:57 | Monkey Bollocks · wall_segment Stone Wall x1 |
| 21:18 | Angelo · wall_segment Palisade Wall x5 |
| 22:38 | Angelo · wall_segment Palisade Wall x1 |
| 22:52 | [PVS] Guts · wall_segment Palisade Wall x1 |
| 22:56 | Monkey Bollocks · wall_segment Palisade Wall x3 |
| 23:43 | Angelo · first_building Archery Range |
| 24:42 | [PVS] Guts · first_market_buy 100 food |
| 25:24 | [PVS] Guts · first_building Archery Range |
| 25:51 | Monkey Bollocks · age_up castle |
| 26:28 | Angelo · age_up castle |
| 26:43 | Gengis_Kush · first_market_sell 100 stone |
| 26:56 | VIP IVORY · first_building Castle |
| 27:25 | [PVS] Guts · age_up castle |
| 27:36 | impossible · age_up castle |
| 27:48 | [PVS] Guts · first_market_sell 100 food |
| 28:23 | Gengis_Kush · wall_segment Palisade Wall x1 |
| 30:01 | Gengis_Kush · age_up castle |
| 30:20 | Monkey Bollocks · first_building Siege Workshop |
| 31:24 | Evil Mechanic · age_up castle |
| 33:11 | Monkey Bollocks · tribute_sent a jugador 1 |
| 33:11 | Monkey Bollocks · tribute_sent a jugador 2 |
| 33:11 | Monkey Bollocks · tribute_sent a jugador 4 |
| 33:11 | Monkey Bollocks · tribute_sent a jugador 5 |
| 33:11 | Monkey Bollocks · tribute_sent a jugador 6 |
| 33:11 | Monkey Bollocks · tribute_sent a jugador 7 |
| 33:11 | Monkey Bollocks · tribute_sent a jugador 8 |
| 33:12 | 我有低保我先上 · tribute_sent a jugador 1 |
| 33:12 | 我有低保我先上 · tribute_sent a jugador 2 |
| 33:12 | 我有低保我先上 · tribute_sent a jugador 3 |
| 33:12 | 我有低保我先上 · tribute_sent a jugador 5 |
| 33:12 | 我有低保我先上 · tribute_sent a jugador 6 |
| 33:12 | 我有低保我先上 · tribute_sent a jugador 7 |
| 33:12 | 我有低保我先上 · tribute_sent a jugador 8 |
| 33:20 | Angelo · first_building Castle |
| 33:44 | [PVS] Guts · wall_segment Palisade Wall x2 |
| 34:04 | Gengis_Kush · first_market_buy 100 wood |
| 35:09 | impossible · first_building Siege Workshop |
| 38:28 | [PVS] Guts · first_building Monastery |
| 40:02 | Monkey Bollocks · first_building Monastery |
| 40:07 | Monkey Bollocks · first_building Castle |
| 41:35 | 我有低保我先上 · tribute_sent a jugador 1 |
| 41:35 | 我有低保我先上 · tribute_sent a jugador 2 |
| 41:35 | 我有低保我先上 · tribute_sent a jugador 3 |
| 41:35 | 我有低保我先上 · tribute_sent a jugador 5 |
| 41:35 | 我有低保我先上 · tribute_sent a jugador 6 |
| 41:35 | 我有低保我先上 · tribute_sent a jugador 7 |
| 41:35 | 我有低保我先上 · tribute_sent a jugador 8 |
| 42:02 | [PVS] Guts · age_up imperial |
| 42:03 | 我有低保我先上 · tribute_sent a jugador 1 |
| 42:03 | 我有低保我先上 · tribute_sent a jugador 2 |
| 42:03 | 我有低保我先上 · tribute_sent a jugador 3 |
| 42:03 | 我有低保我先上 · tribute_sent a jugador 5 |
| 42:03 | 我有低保我先上 · tribute_sent a jugador 6 |
| 42:03 | 我有低保我先上 · tribute_sent a jugador 7 |
| 42:03 | 我有低保我先上 · tribute_sent a jugador 8 |
| 43:45 | Monkey Bollocks · age_up imperial |
| 46:13 | Evil Mechanic · resign |
[ AI ANALYSIS · 1 CREDIT ]
What really happened in this match?
Wolo.gg analyzes every decision: build order, eco, micro, common mistakes by bracket. Personalized analysis on WhatsApp or Discord in 30 seconds.
Civ guide
Cumans
Perfil
Jugador #22075610